| TOP OF THE 1ST |
|
Clinton Pilots batting - Pitching for Burlington Bees : LHP Rodolfo Corderi
|
|
Pitching: LHP Rodolfo Corderi
|
|
|
Batting: LHB Roman Dusquesne
|
0-0: DOUBLE (Line Drive, 7LM, EV 101.9 MPH)
|
|
Batting: RHB Alberto Reyes
|
0-0: Ball 1-0: Ball 2-0: Called Strike 2-1: SINGLE (Line Drive, 9LS, EV 103.8 MPH) Roman Dusquesne to third
|
|
Batting: RHB Bert Pena
|
0-0: Ball 1-0: Called Strike 1-1: Ball 2-1: Reached on error, E6 (Groundball, 6M, EV 104.4 MPH) Roman Dusquesne scores Alberto Reyes to second
|
|
Batting: RHB Abe Rael
|
0-0: Ball 1-0: Swinging Strike 1-1: Ball 2-1: Ball 3-1: Foul Ball, location: 2F 3-2: Base on Balls Alberto Reyes to third Bert Pena to second
|
|
Batting: RHB Joseph Rietano
|
0-0: Swinging Strike 0-1: Swinging Strike 0-2: Strikes out swinging
|
|
Batting: RHB Barry Siebert
|
0-0: Ball 1-0: SINGLE (Line Drive, 5L, EV 97.5 MPH) Alberto Reyes scores Bert Pena to third Abe Rael to second Runner from 3rd tries for Home, throw by LF and OUT! 7-2
|
|
Batting: RHB Tom Riley
|
0-0: Ball 1-0: Foul Ball, location: 2F 1-1: Ball 2-1: Called Strike 2-2: Ball 3-2: Base on Balls Abe Rael to third Barry Siebert to second
|
|
Batting: RHB Mark Parent
|
0-0: Ground out 4-3 (Groundball, 34D, EV 87.5 MPH)
|
| Top of the 1st over - 2 runs, 3 hits, 1 error, 3 left on base; Clinton 2 - Burlington 0 |
| BOTTOM OF THE 1ST |
|
Burlington Bees batting - Pitching for Clinton Pilots : RHP Rich Monteleone
|
|
Pitching: RHP Rich Monteleone
|
|
|
Batting: RHB Mike Quade
|
0-0: Called Strike 0-1: Called Strike 0-2: Strikes out swinging
|
|
Batting: RHB Gregory Chinn
|
0-0: Ground out 6-3 (Groundball, 56, EV 95.6 MPH)
|
|
Batting: RHB Bob Gergen
|
0-0: Fly out, F8 (Line Drive, 8LD, EV 90.0 MPH)
|
| Bottom of the 1st over - 0 runs, 0 hits, 0 errors, 0 left on base; Clinton 2 - Burlington 0 |
| TOP OF THE 2ND |
|
Clinton Pilots batting - Pitching for Burlington Bees : LHP Rodolfo Corderi
|
|
Batting: LHB Epifano Martinez
|
0-0: Ground out 5-3 (Groundball, 56S, EV 91.3 MPH)
|
|
Batting: LHB Roman Dusquesne
|
0-0: Ball 1-0: Ball 2-0: Ball 3-0: Called Strike 3-1: Base on Balls
|
|
Batting: RHB Alberto Reyes
|
0-0: Fly out, F4 (Line Drive, 4, EV 63.8 MPH)
|
|
Batting: RHB Bert Pena
|
0-0: SINGLE (Line Drive, 9S, EV 88.1 MPH) Roman Dusquesne to second Runner from 2nd tries for 3rd, SAFE, no throw by RF
|
|
Batting: RHB Abe Rael
|
0-0: Fly out, F7 (Line Drive, 7, EV 91.3 MPH)
|
| Top of the 2nd over - 0 runs, 1 hit, 0 errors, 2 left on base; Clinton 2 - Burlington 0 |
| BOTTOM OF THE 2ND |
|
Burlington Bees batting - Pitching for Clinton Pilots : RHP Rich Monteleone
|
|
Batting: RHB Herbert Kizer
|
0-0: Called Strike 0-1: Ball 1-1: Ball 2-1: Called Strike 2-2: SINGLE (Line Drive, 78S, EV 89.4 MPH)
|
|
Batting: LHB Pat Castiglia
|
0-0: Ball 1-0: Ball 2-0: Ball 3-0: Called Strike 3-1: Foul Ball, location: 2F 3-2: Foul Ball, location: 2F 3-2: Fly out, F8 (Line Drive, 8LD, EV 104.4 MPH)
|
|
Batting: RHB Thomas Echstenkamper
|
0-0: Called Strike 0-1: Swinging Strike 0-2: Strikes out looking
|
|
Batting: RHB Mike Morse
|
0-0: Ball 1-0: Called Strike 1-1: Called Strike 1-2: Ball Wild Pitch! Herbert Kizer to second 2-2: Strikes out swinging
|
| Bottom of the 2nd over - 0 runs, 1 hit, 0 errors, 1 left on base; Clinton 2 - Burlington 0 |
| TOP OF THE 3RD |
|
Clinton Pilots batting - Pitching for Burlington Bees : LHP Rodolfo Corderi
|
|
Batting: RHB Joseph Rietano
|
0-0: Ground out 6-3 (Groundball, 6, EV 105.0 MPH)
|
|
Batting: RHB Barry Siebert
|
0-0: Called Strike 0-1: Ball 1-1: Swinging Strike 1-2: Ball 2-2: Ball 3-2: SOLO HOME RUN (Flyball, 78XD, EV 113.1 MPH), Distance : 420 ft
|
|
Batting: RHB Tom Riley
|
0-0: Ball 1-0: Fly out, F7 (Flyball, 78D, EV 81.3 MPH)
|
|
Batting: RHB Mark Parent
|
0-0: Ball 1-0: Ball 2-0: Fly out, F8 (Flyball, 8RD, EV 88.8 MPH)
|
| Top of the 3rd over - 1 run, 1 hit, 0 errors, 0 left on base; Clinton 3 - Burlington 0 |
| BOTTOM OF THE 3RD |
|
Burlington Bees batting - Pitching for Clinton Pilots : RHP Rich Monteleone
|
|
Batting: RHB Nick Hernandez
|
0-0: Foul Ball, location: 2F 0-1: Foul Ball, location: 2F 0-2: Foul Ball, location: 2F 0-2: Ball 1-2: Ball 2-2: Fly out, F9 (Flyball, 9S, EV 66.9 MPH)
|
|
Batting: RHB Timothy Tveit
|
0-0: Ball 1-0: Called Strike 1-1: Called Strike 1-2: Ball 2-2: Ground out 4-3 (Groundball, 4, EV 81.3 MPH)
|
|
Batting: RHB Mike Quade
|
0-0: Ball 1-0: Called Strike 1-1: Called Strike 1-2: Strikes out swinging
|
| Bottom of the 3rd over - 0 runs, 0 hits, 0 errors, 0 left on base; Clinton 3 - Burlington 0 |
| TOP OF THE 4TH |
|
Clinton Pilots batting - Pitching for Burlington Bees : LHP Rodolfo Corderi
|
|
Batting: LHB Epifano Martinez
|
0-0: Called Strike 0-1: Called Strike 0-2: Ground out U3 (Groundball, 3S, EV 86.9 MPH)
|
|
Batting: LHB Roman Dusquesne
|
0-0: Ball 1-0: Ball 2-0: Foul Ball, location: 2F 2-1: Fly out, F6 (Popup, 5DF, EV 71.3 MPH)
|
|
Batting: RHB Alberto Reyes
|
0-0: Called Strike 0-1: Foul Ball, location: 2F 0-2: Foul Ball, location: 2F 0-2: Foul Ball, location: 2F 0-2: Strikes out swinging
|
| Top of the 4th over - 0 runs, 0 hits, 0 errors, 0 left on base; Clinton 3 - Burlington 0 |
| BOTTOM OF THE 4TH |
|
Burlington Bees batting - Pitching for Clinton Pilots : RHP Rich Monteleone
|
|
Batting: RHB Gregory Chinn
|
0-0: Fly out, F8 (Flyball, 8LM, EV 83.1 MPH)
|
|
Batting: RHB Bob Gergen
|
0-0: Foul Ball, location: 2F 0-1: Foul Ball, location: 2F 0-2: Foul Ball, location: 2F 0-2: SINGLE (Groundball, 6MD, EV 94.4 MPH)
|
|
Batting: RHB Herbert Kizer
|
0-0: Foul Ball, location: 2F 0-1: SINGLE (Flyball, 5D, EV 94.4 MPH) Bob Gergen to second
|
|
Batting: LHB Pat Castiglia
|
0-0: Ball 1-0: Ball 2-0: Ball 3-0: Base on Balls Bob Gergen to third Herbert Kizer to second
|
|
Batting: RHB Thomas Echstenkamper
|
0-0: Ball 1-0: Foul Ball, location: 2F 1-1: Fly out, F8 (Flyball, 8LXD, EV 90.6 MPH) Runner from 3rd tags up, SCORES, no throw by CF
|
|
Batting: RHB Mike Morse
|
0-0: Ball 1-0: Called Strike 1-1: Foul Ball, location: 2F 1-2: Ball 2-2: Foul Ball, location: 2F 2-2: Ball 3-2: Base on Balls Herbert Kizer to third Pat Castiglia to second
|
|
Batting: RHB Nick Hernandez
|
0-0: Ball 1-0: Foul Ball, location: 2F 1-1: Ball 2-1: Foul Ball, location: 2F 2-2: DOUBLE (Flyball, 8RXD, EV 110.6 MPH) Herbert Kizer scores Pat Castiglia scores Mike Morse to third Runner from 3rd tries for Home, SAFE, throw by CF to home
|
|
Batting: RHB Timothy Tveit
|
0-0: Swinging Strike 0-1: Ball 1-1: Ball 2-1: Called Strike 2-2: Ground out 6-3 (Groundball, 6, EV 86.9 MPH)
|
| Bottom of the 4th over - 4 runs, 3 hits, 0 errors, 1 left on base; Clinton 3 - Burlington 4 |
| TOP OF THE 5TH |
|
Clinton Pilots batting - Pitching for Burlington Bees : LHP Rodolfo Corderi
|
|
Batting: RHB Bert Pena
|
0-0: Ball 1-0: Called Strike 1-1: Ball 2-1: Ball 3-1: Called Strike 3-2: Foul Ball, location: 2F 3-2: Foul Ball, location: 2F 3-2: Ground out 4-3 (Groundball, 4S, EV 86.9 MPH)
|
|
Batting: RHB Abe Rael
|
0-0: Foul Ball, location: 2F 0-1: Foul Ball, location: 2F 0-2: Fly out, F6 (Popup, P, EV 72.5 MPH)
|
|
Batting: RHB Joseph Rietano
|
0-0: Fly out, F9 (Flyball, 89S, EV 85.6 MPH)
|
| Top of the 5th over - 0 runs, 0 hits, 0 errors, 0 left on base; Clinton 3 - Burlington 4 |
| BOTTOM OF THE 5TH |
|
Burlington Bees batting - Pitching for Clinton Pilots : RHP Rich Monteleone
|
|
Batting: RHB Mike Quade
|
0-0: Ball 1-0: Foul Ball, location: 2F 1-1: Swinging Strike 1-2: Foul Ball, location: 2F 1-2: Ball 2-2: Fly out, F7 (Flyball, 7S, EV 88.1 MPH)
|
|
Batting: RHB Gregory Chinn
|
0-0: Ball 1-0: Swinging Strike 1-1: Swinging Strike 1-2: Foul Ball, location: 2F 1-2: Ball 2-2: Strikes out swinging
|
|
Batting: RHB Bob Gergen
|
0-0: Foul Ball, location: 2F 0-1: Ball 1-1: Ball 2-1: Ball 3-1: Fly out, F3 (Popup, 3F, EV 59.4 MPH)
|
| Bottom of the 5th over - 0 runs, 0 hits, 0 errors, 0 left on base; Clinton 3 - Burlington 4 |
| TOP OF THE 6TH |
|
Clinton Pilots batting - Pitching for Burlington Bees : LHP Rodolfo Corderi
|
|
Batting: RHB Barry Siebert
|
0-0: Ball 1-0: Ball 2-0: Ball 3-0: Called Strike 3-1: Base on Balls
|
|
Batting: RHB Tom Riley
|
0-0: Ball 1-0: Called Strike 1-1: DOUBLE (Line Drive, 7LS, EV 95.0 MPH) Barry Siebert to third Runner from 3rd tries for Home, SAFE, no throw by LF
|
|
Batting: RHB Mark Parent
|
0-0: Called Strike 0-1: Ball 1-1: Ball 2-1: Called Strike 2-2: Fly out, F4 (Line Drive, 4, EV 60.6 MPH)
|
|
Batting: LHB Epifano Martinez
|
0-0: Ball 1-0: Ball 2-0: Ball 3-0: Base on Balls
|
|
Batting: LHB Roman Dusquesne
|
0-0: Ball 1-0: Foul Ball, location: 2F 1-1: Grounds into double play, 4-6-3 (Groundball, 4, EV 77.5 MPH)
|
| Top of the 6th over - 1 run, 1 hit, 0 errors, 1 left on base; Clinton 4 - Burlington 4 |
| BOTTOM OF THE 6TH |
|
Burlington Bees batting - Pitching for Clinton Pilots : RHP Rich Monteleone
|
|
Batting: RHB Herbert Kizer
|
0-0: Ball 1-0: Swinging Strike 1-1: Ball 2-1: Called Strike 2-2: Strikes out swinging
|
|
Batting: LHB Pat Castiglia
|
0-0: Swinging Strike 0-1: Foul Ball, location: 2F 0-2: Ball 1-2: Foul Ball, location: 2F 1-2: Strikes out swinging
|
|
Batting: RHB Thomas Echstenkamper
|
0-0: Ball
|
|
|
|
|
|
1-0: Fly out, F7 (Flyball, 78M, EV 86.3 MPH)
|
| Bottom of the 6th over - 0 runs, 0 hits, 0 errors, 0 left on base; Clinton 4 - Burlington 4 |
| TOP OF THE 7TH |
|
Clinton Pilots batting - Pitching for Burlington Bees : LHP Rodolfo Corderi
|
|
Batting: RHB Alberto Reyes
|
0-0: Called Strike 0-1: Called Strike 0-2: Ball 1-2: Strikes out swinging
|
|
Batting: RHB Bert Pena
|
0-0: Swinging Strike 0-1: Reached on error, E5 (Groundball, 56S, EV 85.0 MPH)
|
|
Batting: RHB Abe Rael
|
0-0: Ball 1-0: Called Strike 1-1: Ball 2-1: Reached on error, E7 (Flyball, 78S, EV 86.9 MPH) Bert Pena to second
|
|
Batting: RHB Joseph Rietano
|
0-0: Called Strike 0-1: Ball 1-1: Ball 2-1: Called Strike 2-2: Ball 3-2: Base on Balls Bert Pena to third Abe Rael to second
|
|
Batting: RHB Barry Siebert
|
0-0: Foul Ball, location: 2F 0-1: Ball 1-1: SINGLE (Line Drive, 9LS, EV 101.9 MPH) Bert Pena scores Abe Rael to third Joseph Rietano to second
|
|
Batting: RHB Tom Riley
|
0-0: Called Strike 0-1: Ball 1-1: Called Strike 1-2: Grounds into double play, 6-2-3 (Groundball, 6, EV 85.0 MPH)
|
| Top of the 7th over - 1 run, 1 hit, 2 errors, 2 left on base; Clinton 5 - Burlington 4 |
| BOTTOM OF THE 7TH |
|
Burlington Bees batting - Pitching for Clinton Pilots : RHP Rich Monteleone
|
|
Batting: RHB Mike Morse
|
0-0: Ball 1-0: Fly out, F8 (Flyball, 8LS, EV 75.0 MPH)
|
|
Batting: RHB Nick Hernandez
|
0-0: Swinging Strike 0-1: Swinging Strike 0-2: Ball 1-2: Ball 2-2: Strikes out swinging
|
|
Batting: RHB Timothy Tveit
|
0-0: DOUBLE (Line Drive, 89D, EV 101.3 MPH)
|
|
Pinch Hitting: LHB Keith Hagman
|
0-0: Ball 1-0: Called Strike 1-1: Called Strike 1-2: Ball 2-2: Ball 3-2: Base on Balls
|
|
Batting: RHB Gregory Chinn
|
0-0: Ball 1-0: Called Strike 1-1: Ball 2-1: Ball 3-1: Fly out, F8 (Flyball, 89XD, EV 105.6 MPH)
|
| Bottom of the 7th over - 0 runs, 1 hit, 0 errors, 2 left on base; Clinton 5 - Burlington 4 |
| TOP OF THE 8TH |
|
Clinton Pilots batting - Pitching for Burlington Bees : LHP Rodolfo Corderi
|
|
Pitching: RHP Joe Guerrero
|
|
|
Now at 2B: James Noonan
|
|
|
Batting: RHB Mark Parent
|
0-0: Foul Ball, location: 2F 0-1: Ground out U3 (Groundball, 34, EV 84.4 MPH)
|
|
Batting: LHB Epifano Martinez
|
0-0: Ball 1-0: Called Strike 1-1: SINGLE (Line Drive, 8LS, EV 93.1 MPH)
|
|
Batting: LHB Roman Dusquesne
|
0-0: Ball Epifano Martinez is caught stealing 2nd base 2-6 1-0: Called Strike 1-1: Foul Ball, location: 2F 1-2: Ball 2-2: Fly out, F7 (Line Drive, 7, EV 96.3 MPH)
|
| Top of the 8th over - 0 runs, 1 hit, 0 errors, 0 left on base; Clinton 5 - Burlington 4 |
| BOTTOM OF THE 8TH |
|
Burlington Bees batting - Pitching for Clinton Pilots : RHP Rich Monteleone
|
|
Batting: RHB Bob Gergen
|
0-0: Called Strike 0-1: Foul Ball, location: 2F 0-2: SINGLE (Line Drive, 7S, EV 98.1 MPH)
|
|
Pitching: RHP Robert Davis
|
|
|
Batting: RHB Herbert Kizer
|
0-0: Called Strike 0-1: Ball 1-1: Ball 2-1: Foul Ball, location: 2F 2-2: Ball 3-2: Strikes out swinging
|
|
Batting: LHB Pat Castiglia
|
0-0: Foul Ball, location: 2F 0-1: Ball 1-1: Foul Ball, location: 2F 1-2: Fly out, F8 (Flyball, 89D, EV 90.6 MPH)
|
|
Batting: RHB Thomas Echstenkamper
|
0-0: Called Strike 0-1: Called Strike 0-2: Ball 1-2: Ball 2-2: Ball 3-2: Reached on error, E6 (Groundball, 6, EV 91.3 MPH) Bob Gergen to second
|
|
Pinch Hitting: LHB Frank Hardy
|
0-0: Called Strike 0-1: Ball 1-1: Ball 2-1: Ball 3-1: Foul Ball, location: 2F 3-2: Fly out, F7 (Flyball, 7S, EV 75.6 MPH)
|
| Bottom of the 8th over - 0 runs, 1 hit, 1 error, 2 left on base; Clinton 5 - Burlington 4 |
| TOP OF THE 9TH |
|
Clinton Pilots batting - Pitching for Burlington Bees : RHP Joe Guerrero
|
|
Now at SS: Ronald Adkins
|
|
|
Batting: RHB Alberto Reyes
|
0-0: Ball 1-0: Ball 2-0: Foul Ball, location: 2F 2-1: Ball 3-1: Fly out, F8 (Flyball, 78XD, EV 89.4 MPH)
|
|
Batting: RHB Bert Pena
|
0-0: Foul Ball, location: 2F 0-1: Ball 1-1: Fly out, F9 (Flyball, 89XD, EV 103.1 MPH)
|
|
Batting: RHB Abe Rael
|
0-0: Foul Ball, location: 2F 0-1: Ball 1-1: Ground out 4-3 (Groundball, 4MD, EV 106.9 MPH)
|
| Top of the 9th over - 0 runs, 0 hits, 0 errors, 0 left on base; Clinton 5 - Burlington 4 |
| BOTTOM OF THE 9TH |
|
Burlington Bees batting - Pitching for Clinton Pilots : RHP Robert Davis
|
|
Pitching: RHP Greg Mize
|
|
|
Batting: RHB Nick Hernandez
|
0-0: Ball 1-0: Foul Ball, location: 2F 1-1: Foul Ball, location: 2F 1-2: Ball 2-2: Ball 3-2: Ground out 5-3 (Groundball, 5, EV 84.4 MPH)
|
|
Batting: RHB Timothy Tveit
|
0-0: Fly out, F4 (Popup, 23, EV 85.6 MPH)
|
|
Batting: RHB James Noonan
|
0-0: Ball 1-0: Ball 2-0: Ball 3-0: Base on Balls
|
|
Batting: RHB Gregory Chinn
|
0-0: SINGLE (Line Drive, 8LS, EV 98.8 MPH) James Noonan to second Runner from 2nd tries for 3rd, SAFE, no throw by CF
|
|
Batting: RHB Bob Gergen
|
0-0: Ball 1-0: Fielders Choice at 2nd, 6-4 (Groundball, 6, EV 82.5 MPH)
|
| Bottom of the 9th over - 0 runs, 1 hit, 0 errors, 2 left on base; Clinton 5 - Burlington 4 |
 |
|
Thursday, July 23rd, 2020 - OOTP Baseball 21.5 Build 71
|
|